cohdb
Replays
Latest Replays
All Replays
Popular Replays
Top Player Replays
Match Explorer
How It Works
Community
CoH3 Stats
Reddit
Sign in to upload your games and track your stats! →
Sign in with Steam
Match 38932555
Unlisted
Match 38932555
Overview
Messages
Build Orders
End
Construct Infanterie Kompanie
MG 42 Machine Gun Team
Grenadier Squad
Selects Luftwaffe Battlegroup
Selects Luftwaffe Pioneer Support
Construct Panzergrenadier Kompanie
Panzergrenadier Squad
251 Medium Carrier
Panzergrenadier Officer Quarters
Panzergrenadier Squad
Support Elements
Medical Station
Nebelwerfer 42 Rocket Launcher Team
StuG III G Assault Gun
251 Medium Carrier
MG 42 Machine Gun Team
Pak 40 Anti-tank Gun Team
Pak 40 Anti-tank Gun Team
kenleung
嫂子开门我是我哥
飞云
皮皮
Manganu
1XStyleDE
❖Yae Sakura❖
MaRek_0w0
0
0
Comments
sign in to comment!
No comments posted yet!